r e k t, neutral male scurrid Tourist | ------- |. |.....| |.......^I.| |. --....| | .....| r e k t the Rambler Experience level: 1 Strength: 11 Dexterity: 11 Constitution: 14 Intelligence: 10 Wisdom: 10 Charisma: 17 Health: 0(9) Energy: 2(2) Def: 0 Gold: 195 Moves: 37 Dungeon seed: q2oTkg4zsebMuHwf Game ID: r e k t_1498627186 Your Inventory: Coins $ - 195 gold pieces Weapons a - 50 uncursed +2 darts (in quiver) Armor e - an uncursed +0 Hawaiian shirt (being worn) Comestibles b - 3 uncursed tripe rations c - an uncursed chestnut d - an uncursed fortune cookie f - an uncursed tin of newt meat g - 2 uncursed food rations h - an uncursed banana i - 2 uncursed cloves of garlic j - an uncursed cram ration Scrolls m - 3 uncursed scrolls of magic mapping n - a blessed scroll of magic mapping s - an uncursed scroll of teleportation Potions k - a blessed potion of extra healing l - an uncursed potion of extra healing Wands q - an uncursed wand of secret door detection (0:13) Tools o - an uncursed expensive camera (0:63) p - an uncursed credit card r - an uncursed oil lamp (0:1367) Spells and supernatural/magical abilities: Name Level Category Fail Memory W - pray for help -- divine ? -- Your skills at the end: Miscellaneous Skills wands [Basic] Weapon Skills dart [Basic] Spellcasting Skills Final Attributes: You were devoutly aligned. You had infravision. You were very stealthy. You are dead. Voluntary challenges: You went without food. You did not adorn yourself with jewelry or accessories. You did not cause conflict. You were not invisible. You did not have reflection. You were not displaced. You were an atheist. You never hit with a wielded weapon. You were a pacifist. You did not use tools. You did not use plumbed fixtures. You did not drink any magical draughts. You were illiterate. You never genocided any monsters. You never polymorphed an object. You never changed form. You used no wishes. You never split a pudding. You never wrote Elbereth's name. You never violated your personal moral code. Dungeon overview: The Dungeons of Doom: levels 1 to 15 Level 1 a long staircase Level 2 Level 3 Level 4 Level 5 a scroll shop Level 6 Level 7 Level 8 Level 9 Level 10 Level 11 Level 12 Level 13 Level 14 Level 15 <- You were here History has recorded: On T:1 you entered the Dungeons of Doom to retrieve the Amulet of Yendor! On T:4 you reached level 2 of The Dungeons of Doom. On T:6 you reached level 3 of The Dungeons of Doom. On T:8 you reached level 4 of The Dungeons of Doom. On T:10 you reached level 5 of The Dungeons of Doom. On T:15 you reached level 7 of The Dungeons of Doom. On T:17 you reached level 8 of The Dungeons of Doom. On T:19 you reached level 9 of The Dungeons of Doom. On T:22 you reached level 10 of The Dungeons of Doom. On T:25 you reached level 11 of The Dungeons of Doom. On T:28 you reached level 12 of The Dungeons of Doom. On T:30 you reached level 13 of The Dungeons of Doom. On T:32 you reached level 14 of The Dungeons of Doom. On T:34 you reached level 15 of The Dungeons of Doom. Score breakdown: Gold: 0 ( 0 points) Experience: 1 level ( 0 points) Exploration: 15 levels ( 420 points) Discoveries: 3 items ( 150 points) Variety of kills: 0 monsters ( 0 points) Major goal: (nothing yet) ( 0 points) Survival: died (score multiplied by 3) Total score: 1710 Latest messages: You fall through... You start digging downward. You continue digging downward. You dig a pit in the floor. You continue digging downward. You dig a hole through the floor. You fall through... You receive a faint telepathic message from Twoflower: Your help is urgently needed at Ankh-Morpork! Look for a ...ic transporter. You couldn't quite make out that last message. You start digging downward. You continue digging downward. You dig a pit in the floor. The gnome lord hurls an effervescent potion! The phial crashes on your head and breaks into shards. You feel rather tired. Something engulfs you! You are released from the trap! You get expelled! You fall into your pit! Something punches you! You die... Final status: Aloha r e k t the Tourist, killed by a gnome lord, while sleeping off potion vapours... You died in The Dungeons of Doom on dungeon level 15 with 1710 points, and 195 pieces of gold, after 37 moves. You were level 1 with a maximum of 9 hit points when you died.